 Dungeon Crawl Stone Soup version 0.27-a0-291-gd9602db6ee (webtiles) character file.

Game seed: 12824276000414814806

78 Froggeryz the Insei (level 4, -8/28 HPs)
             Began as an Octopode Transmuter on Feb 9, 2021.
             Mangled by a gnoll
             ... wielding a +0 spear
              (11 damage)
             ... on level 3 of the Dungeon.
             The game lasted 00:02:43 (2827 turns).

Froggeryz the Insei (Octopode Transmuter)           Turns: 2827, Time: 00:02:43

Health: -8/28      AC:  1    Str: 10    XL:     4   Next: 36%
Magic:  7/7        EV: 13    Int: 15    God:
Gold:   150        SH:  0    Dex: 12    Spells: 6/7 levels left

rFire    . . .     SeeInvis .     - Unarmed
rCold    . . .     Faith    .   (no shield)
rNeg     . . .     Spirit   .   (helmet restricted)
rPois    .         Reflect  .   (no amulet)
rElec    .         Harm     .   (no ring)
rCorr    .         Rampage  .   (no ring)
Will     .....                  (no ring)
Stlth    ++........             (no ring)
HPRegen  0.09/turn              (no ring)
MPRegen  0.10/turn              (no ring)
                                (no ring)
                                (no ring)

@: no status effects
A: almost no armour, stealthy swim, amphibious, 8 rings, constrict 8, camouflage
1, gelatinous body 1
a: no special abilities


You were on level 3 of the Dungeon.
You visited 1 branch of the dungeon, and saw 3 of its levels.

You collected 150 gold pieces.

Inventory:

Missiles
 f - a datura-tipped dart (quivered)
 m - 4 javelins
Scrolls
 b - 3 scrolls of identify
 c - 3 scrolls of random uselessness {unknown}
 d - 2 scrolls of remove curse
 e - a scroll of magic mapping {unknown}
 g - 2 scrolls of enchant weapon
 k - a scroll of noise {unknown}
 l - 2 scrolls of amnesia {unknown}
Potions
 a - 2 potions of flight
 h - a potion of attraction {unknown}
 i - a potion of curing {unknown}
 j - a potion of heal wounds


   Skills:
 - Level 1.0 Fighting
 - Level 2.0 Dodging
 * Level 4.5 Unarmed Combat
 - Level 2.0 Spellcasting
 + Level 3.0 Transmutations


You had 6 spell levels left.
You knew the following spells:

 Your Spells              Type           Power        Failure   Level
a - Beastly Appendage     Tmut           20%          6%          1

Your spell library contained the following spells:

 Spells                   Type           Power        Failure   Level
 Wereblood                Tmut           10%          10%         2
 Spider Form              Tmut/Pois      3%           34%         3
 Ice Form                 Ice/Tmut       6%           75%         4
 Blade Hands              Tmut           5%           87%         5


Dungeon Overview and Level Annotations

Branches:
Dungeon (3/15)

Altars:


Innate Abilities, Weirdness & Mutations

You cannot wear most types of armour.
You are very stealthy in the water. (Stealth+)
You are amphibious.
You can wear up to eight rings at the same time.
You can use your tentacles to constrict eight enemies at once.
Your skin changes colour to match your surroundings (Stealth+).
Your rubbery body absorbs attacks. (AC +1, EV +1)


Message History

You tentacle-slap the gnoll.
The gnoll is heavily wounded.
You constrict the gnoll.
Unknown command.
Unknown command.
You tentacle-slap the gnoll.
You kill the gnoll!
The gnoll hits you with a +0 flail.
The gnoll hits the gnoll with a +0 spear!
Unknown command.
Unknown command.
You tentacle-slap the gnoll.
You kill the gnoll!
The gnoll hits you with a +0 spear!
* * * LOW HITPOINT WARNING * * *
Your Transmutations skill increases to level 3!
Unknown command.
Unknown command.
The gnoll hits you with a +0 spear!
You die...

...... ...... (.....
......### ....()..#
........# #.......#
.##...)##################
#......).g@..............#
####....###############.##
........ #.# ######## #.#
#.# #.# #.# #########.#
#.........#


You could see a neutral gnoll (fast, strong, insane).

Vanquished Creatures
  2 gnolls (D:3)
  An ooze (D:1)
  A worm (D:2)
  9 bats
  2 giant cockroaches
  4 goblins
  6 hobgoblins
  8 jackals
  A quokka (D:3)
  A frilled lizard (D:1)
  4 kobolds
  3 rats
42 creatures vanquished.

Vanquished Creatures (collateral kills)
  A gnoll (D:3)
  An orc (D:3)
  2 jackals (D:2)
4 creatures vanquished.

Grand Total: 46 creatures vanquished

Notes
Turn   | Place    | Note
-------+----------+-------------------------------------------
     0 | D:1      | Froggeryz the Octopode Transmuter began the quest for the
                  | Orb.
     0 | D:1      | Reached XP level 1. HP: 13/13 MP: 3/3
   281 | D:1      | Reached XP level 2. HP: 18/18 MP: 5/5
   774 | D:1      | Reached XP level 3. HP: 7/23 MP: 6/6
  1426 | D:2      | Reached skill level 4 in Unarmed Combat
  2819 | D:3      | Reached XP level 4. HP: 28/28 MP: 7/7
  2827 | D:3      | Mangled by a gnoll

Illustrated notes

Levels and vault maps discovered:
D:1:      minmay_arrival_stone_box, layout_basic
D:2:      layout_basic
D:3:      layout_basic, ebering_ghost_sewer_f, uniq_jessica

Skill      XL: |  1  2  3  4 |
---------------+-------------+-----
Unarmed Combat | 4 |  4.5
Transmutations | 3 |  3.0
Fighting       | |  1.0
Dodging        | |  2.0
Spellcasting   | |  2.0

Action                   |  1- 3 |  4- 6 || total
-------------------------+-------+-------++-------
Melee: Unarmed           |   108 |     6 ||   114
       Constrict         |    23 |     1 ||    24
       Tentacles         |    13 |     1 ||    14
       Punch             |     2 |       ||     2
       Kick              |     2 |       ||     2
Throw: Dart              |     3 |       ||     3
 Cast: Beastly Appendage |     1 |       ||     1
  Use: Scroll            |     4 |       ||     4
 Stab: Sleeping          |     6 |       ||     6
Armor: Skin              |    13 |       ||    13
Dodge: Dodged            |    82 |     1 ||    83

Table legend: (Time is in decaauts)
 A = Elapsed time spent in this place.
 B = Non-inter-level travel time spent in this place.
 C = Inter-level travel time spent in this place.
 D = Time resting spent in this place.
 E = Time spent auto-exploring this place.
 F = Levels seen in this place.
 G = Mean time per level.
                   A        B        C        D        E       F      G
               +--------+--------+--------+--------+--------+-----+--------+
         Total |   2819 |   2645 |    174 |    326 |   2001 |   3 |  939.7 |
       Dungeon |   2819 |   2645 |    174 |    326 |   2001 |   3 |  939.7 |
               +--------+--------+--------+--------+--------+-----+--------+

Top non-repeatable levels by time:
     D:2: 1603 daAuts
     D:1: 1132 daAuts
     D:3: 82 daAuts
